[Event "*** Titled Tuesday Blitz"]
[Site "Chess.com"]
[Date "2019.10.01"]
[Round "4"]
[White "TrickyTrapChess"]
[Black "WPWPWP-2015"]
[Result "0-1"]
[WhiteElo "2245"]
[BlackElo "2474"]
[TimeControl "180+2"]
[EndTime "14:00:51 PDT"]
[Termination "WPWPWP-2015 won by checkmate"]

1. c4 e5 2. Nc3 Nf6 3. g3 Bb4 4. Bg2 O-O 5. Nf3 Re8 6. O-O Nc6 7. Nd5 Bf8 8. d4 exd4 9. Bg5 Be7 10. Nxe7+ Qxe7 11. Nxd4 Nxd4 12. Qxd4 d6 13. Rfe1 Qe5 14. Bxf6 Qxf6 15. Qxf6 gxf6 16. c5 dxc5 17. Rac1 c6 18. Rxc5 Be6 19. a3 Rad8 20. b4 a6 21. a4 Bb3 22. b5 Bxa4 23. bxa6 bxa6 24. Bxc6 Bxc6 25. Rxc6 Re6 26. Rc7 Ra8 27. e3 a5 28. Ra1 a4 29.
Ra3 Kg7 30. Kf1 f5 31. Ke2 Rb6 32. Rc4 Rba6 33. Kf3 Ra5 34. e4 fxe4+ 35. Rxe4 R8a6 36. g4 Kg6 37. Kg3 h5 38. h3 hxg4 39. hxg4 Ra8 40.
f4 R8a6 41. Rb4 Kf6 42. Rb8 Rc6 43. Rh8 Kg7 44. Rd8 Rc4 45. g5 Kg6 46. Rd6+ Kg7 47. Kg4 Rb4 48. Rd8 Rc4 49. Rh3 f5+ 50. Kh5 a3 51.
Rb3 Rc7 52. Rd1 a2 53. Ra1 Rc2 54. Rb7+ Kf8 55. Kg6 Rc6+ 56. Kh5 Ra4 57. g6 Ra3 58. Kg5 Rg3+ 59. Kxf5 Rgxg6 60. Rxa2 Rgf6+ 61. Kg5 Rg6+ 62. Kf5 Rgf6+ 63. Ke4 Rc4+ 64. Ke5 Rf7 65. Ra8+ Kg7 66.
Rbb8 Rfxf4 67. Rg8+ Kh7 68. Rh8+ Kg7 69. Rag8+ Kf7 70.
Rf8+ Kg7 71. Rhg8+ Kh7 72. Rh8+ Kg7 73. Ra8 Rce4+ 74.
Kd5 Re7 75. Rhg8+ Kh7 76. Rg2 Rg7 77. Rh2+ Kg6 78. Ra6+ Kf5 79. Rd6 Rf1 80. Rh5+ Kg4 81. Re5 Rd1+ 82. Kc5 Rc1+ 83. Kb6 Kf4 84. Rb5 Rc2 85.
Rf6+ Ke4 86. Rf8 Rg6+ 87. Kb7 Rg7+ 88. Kb6 Rg6+ 89. Kb7 Rc4 90. Re8+ Kd3 91. Rd8+ Ke3 92. Rbd5 Rb4+ 93. Kc7 Rc4+ 94. Kb7 Rb4+ 95. Kc7 Rg7+ 96.
R8d7 Rg6 97. Rd3+ Ke4 98. Rd1 Rc4+ 99. Kb7 Rb4+ 100. Kc7 Rc4+ 101. Kb7 Rg2 102. Re1+ Kf3 103. Rf7+ Kg3 104. Re8 Rb2+ 105. Ka8 Ra4+ 106. Ra7 Rg4 107. Re3+ Kf2 108. Re6 Rg8+ 109. Re8 Rxe8# 0-1

[Event "*** Titled Tuesday Blitz"]
[Site "Chess.com"]
[Date "2019.10.01"]
[Round "4"]
[White "Jumbo"]
[Black "Alexander_Moskalenko"]
[Result "1/2-1/2"]
[WhiteElo "2794"]
[BlackElo "2893"]
[TimeControl "180+2"]
[EndTime "14:01:06 PDT"]
[Termination "Game drawn by agreement"]

1. d4 d5 2. c4 c6 3. Nf3 Nf6 4. Qb3 g6 5. Bg5 Bg7 6. e3 Ne4 7. Bh4 O-O 8. Nc3 Nxc3 9. bxc3 b6 10. Be2 Ba6 11. O-O Re8 12. Rfe1 Bxc4 13. Bxc4 dxc4 14. Qxc4 Qd5 15. Qe2 Nd7 16. e4 Qa5 17. e5 Nf8 18. c4 Rad8 19. Rad1 b5 20. cxb5 Qxb5 21. Qxb5 cxb5 22.
d5 h6 23. d6 g5 24. dxe7 Rxd1 25. exf8=Q+ Kxf8 26.
Rxd1 gxh4 27. Rd5 Rc8 28. Kf1 Rc1+ 29. Ke2 Rc2+ 30. Rd2 Rc5 31. Rd8+ Ke7 32. Rb8 Bxe5 33. Rb7+ Kf8 34. Rxa7 Bf6 35. Kd3 Rc3+ 36. Kd2 h3 37. Ne1 hxg2 38. Nxg2 Rh3 39. Ne3 Rxh2 40. Ng4 Bg5+ 41. Ke2 Rh3 42. Ne5 f6 43. Nd7+ Kf7 44. Nc5+ Kg6 45. Nd3 Rh4 46. Rb7 Ra4 47. Rxb5 Rxa2+ 48.
Kf1 Ra3 49. Ne1 Ra1 50. Ke2 h5 51. Nf3 h4 52. Rb8 Kf5 53. Rh8 Kg4 54. Nh2+ Kh3 55. Nf3 Ra2+ 56. Kf1 Kg4 57. Nh2+ Kf4 58. Kg2 Ra3 59. Nf1 Kf5 60. Nh2 Rb3 61. Nf3 Kg4 62. Nh2+ Kf4 63. Rh7 Rc3 64. Nf1 f5 65. Ne3 Ra3 66.
Rf7 Ke4 67. Rg7 Bxe3 68. Re7+ Kf4 69. fxe3+ Rxe3 70. Rh7 Rg3+ 71. Kf2 Rg4 72. Rh5 Ke4 73. Rh8 Kf4 74. Rh5 Ke5 75. Rh6 Ra4 76. Rh8 Kf6 77. Kg2 Kg5 78. Kh2 Ra3 79. Kg2 Kg4 80. Rg8+ Kf4 81.
Rb8 Rg3+ 82. Kh2 Re3 83. Rh8 Kg4 84. Rg8+ Kf3 85. Ra8 f4 86. Ra4 Re4 87. Ra1 Re2+ 88. Kh3 Kf2 89. Kxh4 f3 90. Kh3 Re1 91. Ra2+ Re2 92.
Ra3 Re3 93. Ra1 Rc3 94. Kh2 Rd3 95. Ra2+ Kf1 96. Ra1+ Ke2 97. Kg3 f2+ 98. Kg2 Rd2 99. Rb1 Ra2 100. Rc1 Rb2 101. Ra1 Rb6 102. Ra2+ Ke3 103. Ra3+ Ke2 104. Ra2+ Kd3 105. Rxf2 1/2-1/2

[Event "*** Titled Tuesday Blitz"]
[Site "Chess.com"]
[Date "2019.10.01"]
[Round "4"]
[White "Durarbayli"]
[Black "TST2014"]
[Result "1/2-1/2"]
[WhiteElo "2792"]
[BlackElo "2569"]
[TimeControl "180+2"]
[EndTime "14:01:46 PDT"]
[Termination "Game drawn by stalemate"]

1. e4 c5 2. Nf3 Nc6 3. d4 cxd4 4. Nxd4 Nf6 5. Nc3 d6 6. Bc4 e5 7. Nde2 Be6 8. Bb3 Be7 9. Bg5 O-O 10. Qd2 Na5 11. O-O-O Nc4 12. Bxc4 Bxc4 13. Ng3 b5 14. Nf5 b4 15. Bxf6 Bxf6 16. Nd5 Bg5 17. f4 Bxd5 18.
Qxd5 Bxf4+ 19. Kb1 g6 20. Nxd6 Qe7 21. g3 Be3 22. Rhf1 Rad8 23. Qc6 Bd4 24. Nb5 Rc8 25. Qf6 Qc5 26. Nxd4 exd4 27. Rf2 a5 28. Qxd4 Qc7 29. Qe3 a4 30. e5 Rfd8 31. Rdf1 a3 32. e6 Re8 33.
exf7+ Qxf7 34. Rxf7 Rxe3 35. Rb7 Re2 36. Rc1 Rc4 37. Rd1 Rc8 38. Rc1 Rc4 39. Rd1 Rc8 40. Rxb4 Rxh2 41. Rb7 Rhxc2 42. Rd8+ Rxd8 43. Kxc2 axb2 44. Rxb2 Ra8 45. Kb3 Rb8+ 46. Kc3 Rc8+ 47. Kd4 Ra8 48. Ke5 Kg7 49. g4 Ra5+ 50. Kf4 Ra4+ 51. Kg3 Kh6 52. Rc2 Kg5 53. Rc5+ Kf6 54. Rc2 Ra3+ 55. Kf4 g5+ 56.
Ke4 Rg3 57. Rc6+ Kg7 58. Kf5 h6 59. Rc7+ Kf8 60. a4 Rf3+ 61. Kg6 Rf4 62. a5 Ra4 63. Kxh6 Rxa5 64. Kh5 Rb5 65. Kg6 Ra5 66. Rf7+ Kg8 67. Rg7+ Kf8 68. Rf7+ Kg8 69. Rf6 Rb5 70. Ra6 Kf8 71.
Re6 Ra5 72. Rf6+ Kg8 73. Rb6 Kf8 74. Rb8+ Ke7 75. Rg8 Rb5 76. Kh6 Kf7 77. Rg7+ Kf6 78.
Ra7 Rb6 79. Kh5 Rb5 80. Rh7 Rc5 81. Rh6+ Kg7 82. Rg6+ Kh7 83. Ra6 Kg7 84. Ra7+ Kf8 85.
Kg6 Rb5 86. Kf6 Kg8 87. Ra8+ Kh7 88. Re8 Rc5 89. Re7+ Kg8 90. Kg6 Kf8 91. Re1 Rb5 92. Rf1+ Kg8 93. Kf6 Rc5 94. Rh1 Rb5 95. Rh6 Rc5 96. Rg6+ Kf8 97. Rh6 Kg8 98. Rh2 Rb5 99. Kg6 Rc5 100. Rb2 Kf8 101. Rb8+ Ke7 102. Rb4 Kf8 103. Rb3 Ke7 104. Rf3 Rd5 105. Rf7+ Ke8 106. Rf6 Ke7 107. Rf5 Rxf5 108. gxf5 Kf8 109. Kxg5 Kf7 110. f6 Kf8 111. Kf4 Kf7 112. Kf5 Kf8 113. Kg6 Kg8 114. f7+ Kf8 115. Kf6 1/2-1/2

[Event "*** Titled Tuesday Blitz"]
[Site "Chess.com"]
[Date "2019.10.01"]
[Round "4"]
[White "j_coca"]
[Black "imdvb6307"]
[Result "1/2-1/2"]
[WhiteElo "2105"]
[BlackElo "2416"]
[TimeControl "180+2"]
[EndTime "14:03:15 PDT"]
[Termination "Game drawn by 50-move rule"]

1. f4 d5 2. Nf3 Bg4 3. e3 Nd7 4. d4 Ngf6 5. Bd3 e6 6. O-O Be7 7. c3 O-O 8. Nbd2 c5 9. h3 Bf5 10. Qe2 Ne4 11. Kh2 Kh8 12. g4 Nxd2 13. Bxd2 Bxd3 14.
Qxd3 Bd6 15. Kh1 Nf6 16. Rf2 Ne4 17. Rg2 f6 18. Rag1 Qb6 19. Be1 Qa6 20. Qxa6 bxa6 21.
dxc5 Bxc5 22. Nd4 Rfe8 23. f5 e5 24. Nc2 Rab8 25. b3 a5 26. Re2 Rec8 27. Kg2 Bf8 28.
Kf3 g6 29. c4 Ng5+ 30. Kg2 dxc4 31. h4 cxb3 32. axb3 Ne4 33. Bxa5 gxf5 34. gxf5 Rxb3 35. Kf3 Nd6 36. Rd1 Nxf5 37. Be1 Rxc2 38. Rxc2 Nxe3 39. Rc8 Nxd1+ 40. Ke2 Kg7 41. Kxd1 Rb7 42.
h5 Ba3 43. Bd2 h6 44. Kc2 Bb2 45. Rc6 Bd4 46. Kd3 Rb3+ 47. Ke4 Rh3 48. Rc7+ Kg8 49. Bxh6 Rxh5 50. Bc1 a5 51. Kd5 Rh7 52. Rc8+ Kg7 53. Ke6 Kg6 54. Rg8+ Rg7 55. Rh8 Rc7 56. Rg8+ Kh7 57.
Ra8 Ra7 58. Rf8 a4 59. Ba3 Kg7 60. Rc8 Ra6+ 61. Kf5 Ra7 62. Bf8+ Kf7 63. Ba3 Rb7 64. Rf8+ Kg7 65. Ra8 Ba7 66. Bf8+ Kf7 67. Bd6 e4 68. Rf8+ Kg7 69. Kxe4 Rb6 70. Rd8 Ra6 71. Ba3 Ra5 72.
Rd6 Kg6 73. Bb2 a3 74. Bxf6 Kf7 75. Bc3 Ra4+ 76. Kd3 Bc5 77. Rf6+ Ke7 78. Rf1 Bd6 79. Kc2 Ra7 80. Kb3 Rb7+ 81. Ka2 Ke6 82. Rd1 Bc5 83.
Rd8 Rh7 84. Kb3 Rh3 85. Kc4 Be7 86. Ra8 Rh2 87. Ra6+ Kf5 88. Ra5+ Kg4 89. Ra7 Bg5 90. Rg7 Kf5 91. Rf7+ Ke6 92. Ra7 Bc1 93. Ra6+ Kf5 94.
Ra5+ Kg4 95. Ra4 Kf3 96. Kb3 Re2 97. Ra8 Re3 98. Rf8+ Ke2 99. Kc2 a2 100. Ra8 Rxc3+ 101. Kxc3 Bd2+ 102. Kc2 Bf4 103. Rxa2 Ke3 104. Ra4 Kf3 105. Kd3 Bg3 106. Re4 Bf4 107. Re8 Bg5 108. Rf8+ Bf4 109. Rf7 Kg3 110. Ke4 Bd2 111. Rg7+ Kf2 112. Kd3 Bf4 113. Rf7 Kf3 114. Kd4 Kg3 115. Ke4 Bd2 116. Rd7 Bc1 117. Rc7 Bd2 118. Rc2 Bh6 119. Rc8 Bd2 120. Kd3 Bf4 121. Kd4 Kf3 122. Rf8 Kg3 123. Ke4 Bd2 124. Rg8+ Kf2 125. Rg7 Bc1 126. Rc7 Bd2 127. Rc2 Ke2 128. Ra2 Ke1 129. Kd3 Bf4 130. Ke4 Bd2 131. Kf3 Bc3 132. Ke3 Kf1 133. Rc2 Bg7 134. Kf3 Ke1 135. Rg2 Bd4 136. Ke4 Kf1 137. Rg4 Bb6 138. Kf3 Ke1 139. Rg2 Bc5 140. Rc2 Bb6 141. Rh2 Bc5 142. Rg2 Bb6 143. Rg4 Bc5 144. Rc4 Bb6 145. Rc6 Ba7 146. Ra6 Bc5 147. Rc6 Ba7 148. Ke4 Kf2 149. Rg6 Bc5 150. Kf4 Be3+ 151. Ke4 Ba7 152. Rg7 Bb6 153. Rf7+ 1/2-1/2

[Event "*** Titled Tuesday Blitz"]
[Site "Chess.com"]
[Date "2019.10.01"]
[Round "5"]
[White "DonRodrigue"]
[Black "albano87"]
[Result "1-0"]
[WhiteElo "2705"]
[BlackElo "2031"]
[TimeControl "180+2"]
[EndTime "14:05:59 PDT"]
[Termination "DonRodrigue won by resignation"]

1. d4 d5 2. Nf3 e6 3. c4 Nf6 4.
Nc3 Be7 5. Bg5 Nbd7 6. e3 O-O 7.
Bd3 dxc4 8. Bxc4 a6 9. Bd3 b5 10. a4 b4 11. Ne4 Bb7 12. Ng3 c5 13. O-O cxd4 14. exd4 Nd5 15. Bd2 a5 16. Re1 Bf6 17. Nh5 Rc8 18. Nxf6+ Qxf6 19. Bg5 Nc3 20. Qd2 1-0

[Event "*** Titled Tuesday Blitz"]
[Site "Chess.com"]
[Date "2019.10.01"]
[Round "5"]
[White "H3nriqueTV"]
[Black "valeriocarnicelli"]
[Result "0-1"]
[WhiteElo "2160"]
[BlackElo "2496"]
[TimeControl "180+2"]
[EndTime "14:06:08 PDT"]
[Termination "valeriocarnicelli won by resignation"]

1. e4 e5 2. Nf3 Nc6 3. Bc4 Bc5 4. O-O d6 5. h3 h6 6. c3 Qf6 7. a4 a6 8. b4 Ba7 9. d3 Nge7 10. Be3 g5 11. d4 g4 12. dxe5 dxe5 13. hxg4 Bxg4 14.
Bxa7 Nxa7 15. Nbd2 O-O-O 16. Qe2 Rxd2 17. Qxd2 Bxf3 18.
g3 Rg8 19. Kh2 Rg5 20. g4 Rxg4 0-1

[Event "*** Titled Tuesday Blitz"]
[Site "Chess.com"]
[Date "2019.10.01"]
[Round "5"]
[White "AndrewMcStone"]
[Black "Tolya2"]
[Result "0-1"]
[WhiteElo "2155"]
[BlackElo "2404"]
[TimeControl "180+2"]
[EndTime "14:06:49 PDT"]
[Termination "Tolya2 won by resignation"]

1. f4 d5 2. Nf3 g6 3. g3 Bg7 4. Bg2 c5 5. O-O Nc6 6. d3 d4 7. Na3 Nh6 8. Qe1 O-O 9. Bd2 Nf5 10. Qf2 Ne3 11. Rfe1 Nxg2 12. Kxg2 b6 13. e4 dxe3 0-1

[Event "*** Titled Tuesday Blitz"]
[Site "Chess.com"]
[Date "2019.10.01"]
[Round "5"]
[White "aa175"]
[Black "Perecke"]
[Result "1-0"]
[WhiteElo "2296"]
[BlackElo "2105"]
[TimeControl "180+2"]
[EndTime "14:07:13 PDT"]
[Termination "aa175 won by resignation"]

1. d4 d5 2. Bf4 c5 3. e3 Nc6 4. c3 Nf6 5. Nd2 Bf5 6. Qb3 Qd7 7. Ngf3 c4 8. Qd1 e6 9. b3 b5 10. a4 b4 11. Qc1 bxc3 12. Qxc3 Bb4 13. Qc1 c3 14.
Nb1 Bxb1 15. Bb5 Be4 16. Ne5 Nxe5 17. dxe5 c2+ 18. Kf1 Bd3+ 19. Bxd3 1-0

[Event "*** Titled Tuesday Blitz"]
[Site "Chess.com"]
[Date "2019.10.01"]
[Round "5"]
[White "XiaoKangZhong"]
[Black "raviteja81293"]
[Result "0-1"]
[WhiteElo "2419"]
[BlackElo "2605"]
[TimeControl "180+2"]
[EndTime "14:07:28 PDT"]
[Termination "raviteja81293 won by resignation"]

1. e4 c6 2. c4 d5 3. cxd5 cxd5 4. exd5 Nf6 5. Bb5+ Nbd7 6. Nc3 g6 7. Nf3 Bg7 8. O-O O-O 9. d3 Nb6 10. Bc4 Nxc4 11.
dxc4 e6 12. Bg5 Qc7 13. Qd3 exd5 14. cxd5 Bf5 15. Qd2 Ne4 16. Nxe4 Bxe4 17. Rac1 Qd7 18. d6 Bxf3 19. gxf3 Be5 20. Be7 Qh3 21.
f4 Qg4+ 22. Kh1 Qf3+ 23. Kg1 Bxf4 24. Qd1 Qh3 25. Re1 Bxh2+ 26. Kh1 Bg3+ 27. Kg1 Qh2+ 0-1

[Event "*** Titled Tuesday Blitz"]
[Site "Chess.com"]
[Date "2019.10.01"]
[Round "5"]
[White "Slovak_fighter2000"]
[Black "PaulfromSPb"]
[Result "0-1"]
[WhiteElo "2450"]
[BlackElo "2659"]
[TimeControl "180+2"]
[EndTime "14:07:38 PDT"]
[Termination "PaulfromSPb won by resignation"]

1. d4 Nf6 2. Nf3 e6 3. c4 b6 4. g3 Ba6 5. Bg2 Bxc4 6. Nc3 d5 7. Ne5 Ba6 8. Qa4+ Nfd7 9. e4 b5 10. Nxb5 c6 11. Nc3 Nxe5 12. dxe5 d4 13. Ne2 Bc5 14. Bd2 O-O 15. Rc1 Qb6 16. b4 Be7 17. Bf1 Bb5 18.
Qb3 Nd7 19. f4 a5 20. bxa5 Rxa5 21. Bxa5 Qxa5+ 22. Kf2 Nc5 23. Rxc5 Bxc5 24. Nc1 Qd2+ 25. Be2 d3+ 0-1

[Event "*** Titled Tuesday Blitz"]
[Site "Chess.com"]
[Date "2019.10.01"]
[Round "5"]
[White "WeAintSurePal"]
[Black "Marreuh"]
[Result "0-1"]
[WhiteElo "2346"]
[BlackElo "2110"]
[TimeControl "180+2"]
[EndTime "14:07:44 PDT"]
[Termination "Marreuh won by checkmate"]

1. Nf3 d5 2. c4 e6 3. d4 Nf6 4. g3 Be7 5. Bg2 O-O 6. O-O dxc4 7. Qc2 b5 8. a4 b4 9. Ne5 Qxd4 10. Bf4 Nd5 11.
Rd1 Qc5 12. Nxc4 Ba6 13. Nbd2 Nd7 14. Rac1 N7b6 15. Nxb6 cxb6 16. Qxc5 bxc5 17. Nc4 Nxf4 18. gxf4 Rad8 19. Rxd8 Rxd8 20. Kf1 Bxc4 21. Rxc4 Rd1# 0-1

[Event "*** Titled Tuesday Blitz"]
[Site "Chess.com"]
[Date "2019.10.01"]
[Round "5"]
[White "fidetrainerNET"]
[Black "sergeikim"]
[Result "0-1"]
[WhiteElo "2250"]
[BlackElo "2480"]
[TimeControl "180+2"]
[EndTime "14:07:50 PDT"]
[Termination "sergeikim won by checkmate"]

1. e4 e5 2. f4 Bc5 3. Nf3 d6 4.
c3 Nc6 5. d4 exd4 6. cxd4 Bb6 7.
d5 Nce7 8. Nc3 Nf6 9. h3 O-O 10. Bc4 c6 11. dxc6 bxc6 12. e5 Nfd5 13. Nxd5 cxd5 14. Bxd5 Nxd5 15. Qxd5 Be6 16. Qxd6 Qxd6 17. exd6 Rfd8 18. Bd2 Rxd6 19. O-O-O Bxa2 20. Bc3 Be3+ 21. Kc2 Bd5 22. f5 Be4+ 23. Kb3 Rb8+ 24. Kc4 Rc6# 0-1

[Event "*** Titled Tuesday Blitz"]
[Site "Chess.com"]
[Date "2019.10.01"]
[Round "5"]
[White "evgenyermolaev"]
[Black "smshk35"]
[Result "1-0"]
[WhiteElo "2496"]
[BlackElo "2364"]
[TimeControl "180+2"]
[EndTime "14:07:51 PDT"]
[Termination "evgenyermolaev won by resignation"]

1. e4 c5 2. Nf3 Nc6 3. Bb5 e6 4. O-O Nge7 5. Re1 a6 6. Bxc6 Nxc6 7. d4 cxd4 8. Nxd4 Bc5 9. Be3 Qb6 10. Nb3 Bxe3 11.
Rxe3 Qc7 12. Rg3 g6 13. Nc3 b5 14. Qd2 h5 15. Re1 Bb7 16. Nd5 Qd8 17. Nc5 Rb8 18. Qc3 e5 19. Rd1 Nd4 20. Rxd4 exd4 21. Qxd4 Rf8 22. Qe5+ 1-0

[Event "*** Titled Tuesday Blitz"]
[Site "Chess.com"]
[Date "2019.10.01"]
[Round "5"]
[White "abubakrtagelsir"]
[Black "ecwinslow"]
[Result "0-1"]
[WhiteElo "2375"]
[BlackElo "2109"]
[TimeControl "180+2"]
[EndTime "14:08:02 PDT"]
[Termination "ecwinslow won by resignation"]

1. e4 d6 2. d4 Nf6 3. Nc3 g6 4.
f4 Bg7 5. Nf3 O-O 6. e5 Nfd7 7.
h4 c5 8. h5 cxd4 9. hxg6 dxc3 10.
gxf7+ Rxf7 11. Bc4 e6 12. Bxe6 Nxe5 13. Bxf7+ Nxf7 14. b3 Qe7+ 15. Kf2 Nc6 16. Qd3 h6 17. Re1 Qd8 18.
Be3 Bg4 19. Rad1 Bxf3 20. Kxf3 Nfe5+ 21. fxe5 Nxe5+ 22. Kg3 Nxd3 23. Rxd3 Be5+ 0-1

[Event "*** Titled Tuesday Blitz"]
[Site "Chess.com"]
[Date "2019.10.01"]
[Round "5"]
[White "Babas"]
[Black "AminMolaei"]
[Result "0-1"]
[WhiteElo "2468"]
[BlackElo "2684"]
[TimeControl "180+2"]
[EndTime "14:08:07 PDT"]
[Termination "AminMolaei won by resignation"]

1. d4 Nf6 2. Nf3 e6 3. c4 d5 4. cxd5 exd5 5. Nc3 a6 6. Bg5 Be6 7. e3 Nbd7 8. Bd3 c6 9. O-O Bd6 10. Rb1 Qc7 11. b4 h6 12. Bh4 Bg4 13. Bg3 Bxf3 14. Qxf3 O-O 15. a4 Bxg3 16. hxg3 b5 17. axb5 axb5 18. Rfc1 Qd6 19. Ne2 Nb6 20. Qf4 Qxf4 21. Nxf4 Nc4 22. Bf1 Ra2 23. Nd3 Ne4 24. g4 Rfa8 25.
Ne5 Ncd2 26. f3 Nxb1 27. fxe4 Nd2 28. Rd1 Nxe4 29. Nxc6 Ra1 30. Rxa1 Rxa1 0-1

[Event "*** Titled Tuesday Blitz"]
[Site "Chess.com"]
[Date "2019.10.01"]
[Round "5"]
[White "Bryakin_Mikhail"]
[Black "Kostya_Nikologorskiy"]
[Result "1-0"]
[WhiteElo "2756"]
[BlackElo "2505"]
[TimeControl "180+2"]
[EndTime "14:08:09 PDT"]
[Termination "Bryakin_Mikhail won by resignation"]

1. d4 Nf6 2. c4 g6 3. Nc3 Bg7 4. e4 d6 5. h3 O-O 6. Be3 e5 7. d5 Na6 8. Nf3 Nc5 9. Nd2 a5 10. g4 Bd7 11. b3 c6 12. a3 cxd5 13. cxd5 Rc8 14. b4 axb4 15. axb4 Na6 16. Qb3 Qc7 17. Nb5 Bxb5 18. Bxb5 Qc3 19. Qxc3 Rxc3 20. Bxa6 bxa6 21. Ke2 Ne8 22. Rxa6 f5 23. gxf5 gxf5 24. exf5 Rxf5 25. Rb1 Rf7 26. Ne4 Rc2+ 27. Kd3 Rfc7 28. b5 1-0

[Event "*** Titled Tuesday Blitz"]
[Site "Chess.com"]
[Date "2019.10.01"]
[Round "5"]
[White "akretchetov"]
[Black "M1711"]
[Result "0-1"]
[WhiteElo "2373"]
[BlackElo "2543"]
[TimeControl "180+2"]
[EndTime "14:08:14 PDT"]
[Termination "M1711 won by resignation"]

1. d4 Nf6 2. Bf4 d5 3. e3 c5 4.
c3 Nc6 5. Nd2 e6 6. Ngf3 cxd4 7.
exd4 Nh5 8. Be3 Bd6 9. g3 O-O 10. Ne5 g6 11. f4 f6 12. Nxc6 bxc6 13. Be2 Ng7 14. Nf3 Rb8 15. Qd3 Rxb2 16. O-O Bd7 17. Bf2 Qa5 18. Bd1 Rxa2 19. Rxa2 Qxa2 20. Bc2 Rb8 21. Rb1 Rxb1+ 22. Bxb1 Qb2 23. h4 a5 24. Bc2 Qb5 25. Qd1 c5 26. dxc5 Bxc5 27. Nd4 Qc4 0-1

[Event "*** Titled Tuesday Blitz"]
[Site "Chess.com"]
[Date "2019.10.01"]
[Round "5"]
[White "PNEPaul"]
[Black "Godzillator"]
[Result "1-0"]
[WhiteElo "1883"]
[BlackElo "2369"]
[TimeControl "180+2"]
[EndTime "14:08:20 PDT"]
[Termination "PNEPaul won by checkmate"]

1. e4 c6 2. d4 d5 3. Nc3 dxe4 4. Nxe4 Nd7 5. Nf3 Ngf6 6. Ng3 e6 7. Bd3 c5 8. c3 cxd4 9. Nxd4 Bc5 10. Nb3 Bb6 11.
O-O O-O 12. Bg5 h6 13. Bd2 Ne5 14. Bc2 Nc4 15. Bc1 Qc7 16. Qf3 Bd7 17. Bxh6 Bc6 18. Qd3 Ne5 19. Qd2 gxh6 20. Qxh6 Neg4 21. Qg5+ Kh8 22. Qh4+ Kg7 23. Qg5+ Kh8 24. Qh4+ Kg7 25. Nh5+ Nxh5 26. Qg5+ Kh8 27. Qxh5+ Kg7 28. Qxg4+ Kf6 29. Qh4+ Kg7 30. Qg5+ Kh8 31. Qh6+ Kg8 32. Qh7# 1-0

[Event "*** Titled Tuesday Blitz"]
[Site "Chess.com"]
[Date "2019.10.01"]
[Round "5"]
[White "Duhless"]
[Black "platy3"]
[Result "1-0"]
[WhiteElo "3019"]
[BlackElo "2843"]
[TimeControl "180+2"]
[EndTime "14:08:22 PDT"]
[Termination "Duhless won by resignation"]

1. d4 Nf6 2. Nf3 d5 3. c4 e6 4.
Bg5 dxc4 5. e4 h6 6. Bxf6 Qxf6 7. Bxc4 c5 8. e5 Qd8 9. d5 exd5 10. Bxd5 Nc6 11. Qb3 Qe7 12. O-O g6 13. e6 f5 14.
Qa4 Qc7 15. Ne5 Qxe5 16. Bxc6+ Ke7 17. Bxb7 Bxe6 18. Bxa8 Qxb2 19. Na3 Bg7 20. Rae1 Rxa8 21. Qc6 1-0

[Event "*** Titled Tuesday Blitz"]
[Site "Chess.com"]
[Date "2019.10.01"]
[Round "5"]
[White "DonBroca"]
[Black "santosalberto1987"]
[Result "0-1"]
[WhiteElo "2082"]
[BlackElo "2382"]
[TimeControl "180+2"]
[EndTime "14:08:27 PDT"]
[Termination "santosalberto1987 won by resignation"]

1. e4 e6 2. d4 d5 3. Nc3 Nf6 4. e5 Nfd7 5. f4 c5 6. Nf3 Nc6 7. Be3 Qb6 8. Na4 Qa5+ 9. c3 b6 10. a3 c4 11. b4 cxb3 12. Qxb3 Ba6 13. Bxa6 Qxa6 14. Nb2 Rc8 15. Kf2 Be7 16. f5 Na5 17. Qa4 exf5 18. e6 fxe6 19. Ne5 b5 20. Qc2 Nxe5 21. dxe5 Nc4 22. Nxc4 Rxc4 23. Bd4 O-O 24. Qd2 Rfc8 25. Rhg1 Bc5 26. Kg3 Bxd4 0-1

[Event "*** Titled Tuesday Blitz"]
[Site "Chess.com"]
[Date "2019.10.01"]
[Round "5"]
[White "ferdipy"]
[Black "newauto"]
[Result "1-0"]
[WhiteElo "2172"]
[BlackElo "1992"]
[TimeControl "180+2"]
[EndTime "14:08:36 PDT"]
[Termination "ferdipy won by checkmate"]

1. e4 c6 2. d4 d5 3. exd5 cxd5 4. Bd3 Nc6 5. c3 Nf6 6. Bf4 Qb6 7. Qb3 Qxb3 8. axb3 Bg4 9. Nd2 e6 10. b4 Nh5 11.
Bg5 h6 12. Bh4 g5 13. Bg3 Bg7 14. b5 Ne7 15. b6 a6 16. Nb3 Kd7 17. Nc5+ Kc6 18. Bc7 Rhe8 19. Ne2 e5 20. Bc2 Nc8 21. Ba4# 1-0

[Event "*** Titled Tuesday Blitz"]
[Site "Chess.com"]
[Date "2019.10.01"]
[Round "5"]
[White "r31415"]
[Black "babero_gordo"]
[Result "1-0"]
[WhiteElo "2399"]
[BlackElo "2108"]
[TimeControl "180+2"]
[EndTime "14:08:47 PDT"]
[Termination "r31415 won by resignation"]

1. e4 c5 2. Nf3 Nc6 3. d4 cxd4 4. Nxd4 g6 5. Nc3 Bg7 6. Be3 Nf6 7. h3 O-O 8. Nde2 Qa5 9. Qd2 e6 10. f4 d5 11. e5 Ne4 12. Nxe4 dxe4 13. Qxa5 Nxa5 14. Nc3 f5 15. exf6 Bxf6 16. Bd2 b6 17. O-O-O Bb7 18.
b4 Nc6 19. Nxe4 Be7 20. Bc4 Nxb4 21. Bxe6+ Kg7 22. Bxb4 Bxb4 23. Rd7+ 1-0

[Event "*** Titled Tuesday Blitz"]
[Site "Chess.com"]
[Date "2019.10.01"]
[Round "5"]
[White "Korchmar_Vasiliy"]
[Black "Zhuu96"]
[Result "1-0"]
[WhiteElo "2685"]
[BlackElo "2950"]
[TimeControl "180+2"]
[EndTime "14:08:48 PDT"]
[Termination "Korchmar_Vasiliy won by resignation"]

1. d4 Nf6 2. Nf3 g6 3. Bg5 Bg7 4. Nbd2 d5 5. e3 O-O 6. Be2 c5 7. c3 Nc6 8. dxc5 a5 9. a4 Qe8 10. Nd4 e5 11. Nb5 Qe7 12. Nb3 Be6 13. O-O h6 14.
Bxf6 Bxf6 15. Bg4 Rfd8 16. Bxe6 fxe6 17. Qg4 Kh7 18. Rad1 e4 19. N3d4 e5 20. Ne6 h5 21.
Qh3 Rd7 22. Nbc7 Rxc7 23. Nxc7 Qxc7 24. Rxd5 Ne7 25. Rd7 Qxc5 26. Qe6 Kg7 27. Rfd1 Ra6 28. R1d6 Rxd6 29. Rxd6 Ng8 30. Rd7+ Be7 31. Rxb7 h4 32. h3 Kh7 33. b4 axb4 34. cxb4 Qc1+ 35. Kh2 Qf1 36.
Rxe7+ Nxe7 37. Qxe7+ Kg8 38. Qe8+ Kh7 39. Qe7+ Kg8 40.
Qxh4 Qc4 1-0

[Event "*** Titled Tuesday Blitz"]
[Site "Chess.com"]
[Date "2019.10.01"]
[Round "5"]
[White "Svet99"]
[Black "Stouuf"]
[Result "0-1"]
[WhiteElo "2163"]
[BlackElo "2609"]
[TimeControl "180+2"]
[EndTime "14:08:48 PDT"]
[Termination "Stouuf won by resignation"]

1. c4 e5 2. Nc3 Bb4 3. Nd5 Be7 4. g3 Nf6 5. Nxe7 Qxe7 6. Bg2 O-O 7. Nf3 e4 8. Nd4 Qc5 9. Nb3 Qxc4 10. O-O Qe6 11. Nd4 Qe5 12. e3 d5 13. b3 c5 14.
Nc2 Nc6 15. Rb1 Bg4 16. Qe1 Qh5 17. Bb2 Be2 18. Bxf6 gxf6 19. Na3 Ne5 20. h3 Nd3 21. g4 Nxe1 22. gxh5 Nxg2 23. Kxg2 Bxf1+ 24. Rxf1 f5 25. Kg3 Kg7 26. Kf4 Kf6 27. Nb5 a6 28. Nc7 Rad8 29. Rc1 b6 30. Nxa6 Rd7 31. b4 Ra8 32. b5 Rg8 33. a4 d4 34. a5 dxe3 35. dxe3 Rd2 36. Rf1 bxa5 37. Nxc5 Rg2 38. f3 Rdf2 39. Nd7+ Ke7 40.
Rxf2 Rxf2 41. Ne5 Ke6 42. b6 Rb2 43. fxe4 fxe4 44. Nc4 Rb4 45. Nxa5 Rxb6 46. Kxe4 Rb4+ 47. Kf3 Kd6 48. e4 Kc7 49. Kf4 Kb6 50. Kf5 Kxa5 51.
e5 Rb6 0-1

[Event "*** Titled Tuesday Blitz"]
[Site "Chess.com"]
[Date "2019.10.01"]
[Round "5"]
[White "albi1999"]
[Black "benhal"]
[Result "1-0"]
[WhiteElo "2528"]
[BlackElo "2316"]
[TimeControl "180+2"]
[EndTime "14:08:50 PDT"]
[Termination "albi1999 won by resignation"]

1. d4 d5 2. c4 dxc4 3. Nf3 Nf6 4.
e3 b5 5. a4 b4 6. Bxc4 e6 7. O-O Bb7 8. b3 Be7 9. Bb2 O-O 10.
Nbd2 c5 11. Qe2 Nbd7 12. Rfd1 cxd4 13. Nxd4 a6 14. Rac1 Qa5 15. Bd3 Nc5 16. Nc4 Qc7 17. Bc2 Rac8 18. f3 Kh8 19. Qe1 Nxa4 20. bxa4 Qxc4 21.
Be4 Qa2 22. Bxb7 Rb8 23. Bxa6 Qxb2 24. Rc2 Qxc2 25. Nxc2 b3 26. Nd4 Nd5 27. Bc4 b2 28. Bxd5 exd5 29. Nc6 Rb7 30. Nxe7 Rfb8 31. Rb1 Rxe7 32.
Qd2 Reb7 33. Qxd5 h6 34. Qd2 Rb3 35. a5 1-0